 Dungeon Crawl Stone Soup version 0.30-a0-23-ge60ba3568b (webtiles) character file.

Game seed: 10812543961580257495

65 Newt the Shooter (level 4, 0/26 HPs)
             Began as a Kobold Hunter on Aug 24, 2022.
             Slain by an orc
             ... wielding a +0 flail
              (9 damage)
             ... on level 3 of the Dungeon.
             The game lasted 00:01:51 (1959 turns).

Newt the Shooter (Kobold Hunter)                    Turns: 1959, Time: 00:01:51

Health: 0/26       AC:  5    Str:  8    XL:     4   Next: 35%
Magic:  4/4        EV: 14    Int: 10    God:
Gold:   72         SH:  0    Dex: 20    Spells: 3/3 levels left

rFire   . . .      SeeInvis .    a - +1 shortbow
rCold   . . .      Faith    .    (shield currently unavailable)
rNeg    . . .      Spirit   .    c - +0 leather armour
rPois   .          Reflect  .    l - +0 helmet
rElec   .          Harm     .    (no cloak)
rCorr   .          Rampage  .    (no gloves)
Will    .....                    f - +0 pair of boots
Stlth   +++.......               (no amulet)
HPRegen 0.08/turn                (no ring)
MPRegen 0.09/turn                (no ring)

@: no status effects
A: small, no large weapons, nightstalker 3
a: no special abilities


You were on level 3 of the Dungeon.
You visited 1 branch of the dungeon, and saw 3 of its levels.

You collected 72 gold pieces.

Inventory:

Hand Weapons
 a - a +1 shortbow (weapon)
Armour
 c - a +0 leather armour (worn)
 f - a +0 pair of boots (worn)
 l - a +0 helmet (worn)
Wands
 n - a wand of flame (20)
Scrolls
 b - a scroll of immolation
 h - 4 scrolls of teleportation
 i - a scroll of poison
 k - a scroll of butterflies
Potions
 d - 2 potions of heal wounds
 g - 2 potions of brilliance {unknown}
 j - a potion of magic {unknown}
 m - 2 potions of lignification {unknown}
 o - a potion of curing {unknown}


   Skills:
 - Level 2.1 Fighting
 + Level 6.9 Ranged Weapons
 - Level 2.4 Dodging
 - Level 3.0 Stealth


You had 3 spell levels left.
You didn't know any spells.
Your spell library contained the following spells:

 Spells                   Type           Power      Damage    Failure   Level
 Cause Fear               Hex            0%         N/A       99%         4
 Dragon Form              Tmut           0%         N/A       100%        7
 Dragon's Call            Summ           0%         N/A       100%        9


Dungeon Overview and Level Annotations

Branches:
Dungeon (3/15)

Altars:


Innate Abilities, Weirdness & Mutations

You are small and have problems with some larger weapons.
You are completely attuned to the shadows.


Message History

You hear a shout!
A bat comes into view.
You shoot an arrow. The arrow closely misses the orc.
You hear a shout! x2
An orc comes into view. It is wielding a +0 whip.
An orc comes into view. It is wielding a +0 short sword.
The bat closely misses you.
You shoot an arrow. The arrow hits the orc!
You kill the orc!
The bat completely misses you. The bat misses you.
You shoot an arrow. The arrow hits the bat.
The bat is severely wounded.
The bat barely misses you.
An orc comes into view. It is wielding a +0 flail.
You shoot an arrow. The arrow closely misses the bat.
The arrow closely misses the orc.
The arrow hits the orc but does no damage.
The bat hits you but does no damage. The orc closely misses you.
A dart slug comes into view.
You shoot an arrow. The arrow hits the bat!
You kill the bat!
The orc hits you but does no damage. The orc barely misses you.
You shoot an arrow. The arrow hits the orc.
The orc is heavily wounded.
The orc barely misses you. x2
You shoot an arrow. The arrow hits the orc!
You kill the orc!
The orc hits you with a +0 flail. The orc hits you with a +0 whip. x2
The orc closely misses you.
You shoot an arrow. The arrow hits the dart slug.
The dart slug is moderately wounded.
The orc hits you with a +0 flail. The orc misses you.
You are too injured to fight recklessly!
Fire: a) +1 shortbow
Press: ? - help, Shift-Dir - straight line, f/p - dart slug
Aim: a dart slug (moderately wounded, 94% to hit)
You shoot an arrow. The arrow hits the dart slug!
The dart slug is almost dead.
The dart slug closely misses you. The orc hits you with a +0 flail!
You die...

###.##.#.÷. ........#
#..#.## #.....####
##.##.....#####.
#...#...........
#...#...........
#...#......†w...
######...#..<...@o...
.....#...#.......o##.
####....<#..$.....#
##....#.........#
#....#########.#
####....##
#........#######
#.###...........
#.##...###.#####


You could see a dart slug and 2 orcs.

Vanquished Creatures
  2 adders
  2 dart slugs (D:1)
  2 orcs (D:3)
  2 endoplasms
  A giant cockroach (D:2)
  6 goblins
  6 hobgoblins
  3 kobolds
  2 quokkas
  4 ball pythons
  2 bats
  3 frilled lizards
  4 rats
39 creatures vanquished.

Notes
Turn   | Place    | Note
-------+----------+-------------------------------------------
     0 | D:1      | Newt the Kobold Hunter began the quest for the Orb.
     0 | D:1      | Reached XP level 1. HP: 12/12 MP: 1/1
   112 | D:1      | Reached XP level 2. HP: 17/17 MP: 2/2
   583 | D:1      | Reached XP level 3. HP: 21/21 MP: 3/3
   644 | D:1      | Found a faded altar of an unknown god.
   896 | D:2      | Reached skill level 6 in Ranged Weapons
  1351 | D:2      | You fall into a shaft and drop 1 floor!
  1542 | D:2      | Reached XP level 4. HP: 9/26 MP: 4/4
  1959 | D:3      | Slain by an orc

Illustrated notes

Levels and vault maps discovered:
D:1:      minmay_arrival_split_and_join, layout_basic,
          dreamdust_ecumenical_altar_grove, minivault_24
D:2:      layout_rooms
D:3:      layout_rooms, nzn_wu_jian_contemplation, serial_shops, shop

Skill      XL: |  1  2  3 |
---------------+----------+-----
Stealth        | 2 3 |  3.0
Ranged Weapons | 6 |  6.9
Fighting       | |  2.1
Dodging        | |  2.4

Action                   |  1- 3 |  4- 6 || total
-------------------------+-------+-------++-------
 Fire: Shortbow          |    77 |    13 ||    90
  Use: Scroll            |     6 |       ||     6
Armor: Leather armour    |    13 |     2 ||    15
Dodge: Dodged            |    22 |    11 ||    33

Table legend: (Time is in decaauts)
 A = Elapsed time spent in this place.
 B = Non-inter-level travel time spent in this place.
 C = Inter-level travel time spent in this place.
 D = Time resting spent in this place.
 E = Time spent auto-exploring this place.
 F = Levels seen in this place.
 G = Mean time per level.
                   A        B        C        D        E       F      G
               +--------+--------+--------+--------+--------+-----+--------+
         Total |   1981 |   1906 |     75 |    305 |   1373 |   3 |  660.3 |
       Dungeon |   1981 |   1906 |     75 |    305 |   1373 |   3 |  660.3 |
               +--------+--------+--------+--------+--------+-----+--------+

Top non-repeatable levels by time:
     D:2: 996 daAuts
     D:1: 841 daAuts
     D:3: 142 daAuts
